 Dungeon Crawl Stone Soup version 0.17.0-28-g6e173f8 (webtiles) character file.

81 4thArraOfDagon the Ruffian (level 4, -4/40 HPs)
             Began as a Minotaur Monk on Nov 26, 2015.
             Was a Believer of Cheibriados (penitent).
             Slain by Grinder (10 damage)
             ... on level 3 of the Dungeon.
             The game lasted 00:02:48 (502 turns).

4thArraOfDagon the Ruffian (Minotaur Monk)           Turns: 502, Time: 00:02:48

Health: -4/40      AC:  2    Str: 15      XL:     4   Next: 20%
Magic:  1/3        EV: 13    Int:  8      God:    Cheibriados [*]
Gold:   35         SH:  0    Dex: 10 (13) Spells: 0 memorised, 3 levels left

rFire  . . .     SeeInvis .       - Unarmed
rCold  . . .     Clarity  .     a - +0 robe
rNeg   . . .     SustAt   .     (no shield)
rPois  .         Gourm    .     (helmet restricted)
rElec  .         Spirit   .     (no cloak)
rCorr  .         Warding  .     (no gloves)
rMut   .         Stasis   .     (no boots)
MR     .....                    (no amulet)
Stlth  +.........               (no ring)
                                (no ring)

@: flying, very slightly contaminated, hasted, not resistant to hostile
enchantments, very unstealthy
A: retaliatory headbutt, horns 2
a: Renounce Religion


You were on level 3 of the Dungeon.
You worshipped Cheibriados.
Cheibriados was demanding penance.
You were not hungry.

You visited 2 branches of the dungeon, and saw 5 of its levels.

You collected 35 gold pieces.

Inventory:

Armour
 a - a +0 robe (worn)
Scrolls
 h - a scroll of remove curse
Comestibles
 b - a bread ration
 g - a beef jerky
 j - a meat ration


   Skills:
 + Level 4.2 Fighting
 + Level 4.1 Dodging
 - Level 1.5 Stealth
 * Level 5.4 Unarmed Combat


You had 3 spell levels left.
You didn't know any spells.

Dungeon Overview and Level Annotations

Branches:
Dungeon (4/15)             Temple (1/1) D:4

Altars:
Ashenzari
Cheibriados
Fedhas
Gozag
Kikubaaqudgha
Makhleb
Ru
Sif Muna
Trog
Yredelemnul
Zin

Annotations:
D:3 Grinder


Innate Abilities, Weirdness & Mutations

You reflexively headbutt those who attack you in melee.
You have a pair of horns on your head.


Message History

Unknown command.
You barely miss Grinder. You headbutt Grinder.
Grinder is heavily wounded.
Grinder closely misses you.
Unknown command.
Unknown command.
Unknown command.
You closely miss Grinder.
Grinder is heavily wounded.
Unknown command.
Unknown command.
You barely miss Grinder.
Grinder is heavily wounded.
Grinder hits you but does no damage.
Unknown command.
Unknown command.
You hit Grinder but do no damage. You headbutt Grinder.
Grinder is heavily wounded.
Grinder hits you!
You die...

.. #####..............
8.5. #.........# ...
#... #.........# ...
#... #.........##.##
##... #..............
#8... ########.......
#... ### ### #.......
#...##8###8### #.......
##.....@......# #.......
#8.....5......###.......
##.............##.......
##8###⌠###8#..##...(...
## #######..#########
#......# #######
#......# #......
#......###.#####
#..........#


You could see Grinder.

Vanquished Creatures
  A worker ant (D:4)
  2 adders
  An ooze (D:3)
  2 worms (D:3)
  An orc (D:3)
  A bat (D:2)
  3 hobgoblins
  A quokka (D:3)
  4 giant cockroaches
  2 giant newts
  A goblin (D:3)
  4 jackals (D:4)
  2 kobolds
  A quokka skeleton (D:4)
  A rat (D:3)
27 creatures vanquished.

Notes
Turn   | Place    | Note
--------------------------------------------------------------
     0 | D:1      | 4thArraOfDagon the Minotaur Monk began the quest for the Orb.
     0 | D:1      | Reached XP level 1. HP: 19/19 MP: 0/0
    55 | D:2      | Reached XP level 2. HP: 22/27 MP: 1/1
   255 | D:4      | Found a staircase to the Ecumenical Temple.
   265 | Temple   | Entered the Ecumenical Temple
   276 | Temple   | Became a worshipper of Cheibriados the Contemplative
   276 | Temple   | Reached * piety under Cheibriados
   276 | Temple   | Reached ** piety under Cheibriados
   298 | D:4      | Reached skill level 5 in Unarmed Combat
   298 | D:4      | Reached XP level 3. HP: 30/33 MP: 2/2
   388 | D:3      | Found a blossoming altar of Fedhas.
   399 | D:3      | Reached XP level 4. HP: 25/40 MP: 3/3
   475 | D:3      | Noticed Grinder
   475 | D:3      | Paralysed by Grinder for 5 turns
   496 | D:3      | Was placed under penance by Cheibriados
   502 | D:3      | Slain by Grinder

Action                   |  1- 3 |  4- 6 || total
-------------------------+-------+-------++-------
Melee: Unarmed           |    54 |    21 ||    75
Invok: Bend Time         |       |     1 ||     1
  Use: Scroll            |     3 |     2 ||     5
       Potion            |       |     4 ||     4
 Stab: Sleeping          |     1 |     1 ||     2
